 Dungeon Crawl Stone Soup version 0.28.0-53-g5a82cb258f (webtiles) character file.

Game seed: 17112472522231931356

1637 Ijustatesigmund the Magician (level 8, -3/52 HPs)
             Began as an Octopode Earth Elementalist on July 19, 2022.
             Slain by Pikel
             ... wielding a +2 whip of freezing
              (9 damage)
             ... on level 5 of the Dungeon on Aug 12, 2022.
             The game lasted 00:20:15 (8196 turns).

Ijustatesigmund the Magician (OpEE)                 Turns: 8196, Time: 00:20:17

Health: -3/52      AC:  1    Str: 13    XL:     8   Next: 98%
Magic:  1/15       EV: 13    Int: 19    God:
Gold:   424        SH:  5    Dex: 13    Spells: 9/17 levels left

rFire   . . .      SeeInvis .   t - staff of conjuration
rCold   . . .      Faith    .   l - +0 buckler
rNeg    . . .      Spirit   .   (helmet restricted)
rPois   .          Reflect  .   (no amulet)
rElec   .          Harm     .   p - +6 ring of strength
rCorr   .          Rampage  .   (no ring)
Will    .....                   (no ring)
Stlth   +++.......              (no ring)
HPRegen 0.17/turn               (no ring)
MPRegen 0.14/turn               (no ring)
                                (no ring)
                                (no ring)

@: no status effects
A: almost no armour, amphibious, 8 rings, camouflage 1, gelatinous body 1,
(nimble swimmer 1), tentacles
a: no special abilities


You were on level 5 of the Dungeon.
You visited 2 branches of the dungeon, and saw 7 of its levels.

You collected 424 gold pieces.

Inventory:

Hand Weapons
 f - a +1 short sword
Missiles
 j - 70 stones
 k - a throwing net
Armour
 l - a +0 buckler (worn)
Magical Staves
 t - a staff of conjuration (weapon)
Jewellery
 p - a +6 ring of strength (left tentacle)
 r - a +4 ring of evasion
 s - a ring of flight
Wands
 m - a wand of mindburst (2)
Scrolls
 d - 2 scrolls of blinking
 i - a scroll of teleportation
Potions
 a - a potion of brilliance
 b - a potion of attraction
 c - 3 potions of might
 e - a potion of mutation
 g - 2 potions of haste {unknown}
 h - 4 potions of curing
 n - a potion of lignification {unknown}
 q - 2 potions of invisibility {unknown}
 u - a potion of resistance {unknown}


   Skills:
 - Level 3.1 Fighting
 - Level 3.2 Staves
 - Level 2.0 Dodging
 - Level 2.6 Stealth
 - Level 4.7 Shields
 + Level 5.3 Spellcasting
 - Level 4.3 Conjurations
 - Level 2.1 Transmutations
 + Level 1.7 Air Magic
 - Level 3.8 Earth Magic
 + Level 2.6 Poison Magic


You had 9 spell levels left.
You knew the following spells:

 Your Spells              Type           Power      Damage    Failure   Level
a - Sandblast             Erth           38%        2d10      3%          1
b - Stone Arrow           Conj/Erth      62%        3d10      9%          3
c - Passwall              Tmut/Erth      13%        N/A       7%          2
d - Poisonous Vapours     Pois/Air       26%        N/A       10%         2

Your spell library contained the following spells:

 Spells                   Type           Power      Damage    Failure   Level
 Beastly Appendage        Tmut           26%        N/A       6%          1
 Sting                    Tmut/Pois      56%        1d5       6%          1
 Wereblood                Tmut           13%        N/A       10%         2
 Mephitic Cloud           Conj/Pois/Air  24%        N/A       14%         3
 Freeze                   Ice            20%        1d4       16%         1
 Summon Small Mammal      Summ           20%        N/A       16%         1
 Spider Form              Tmut/Pois      14%        N/A       17%         3
 Ignite Poison            Fire/Tmut/Pois 11%        N/A       24%         3
 Petrify                  Tmut/Erth      16%        N/A       41%         4
 Call Canine Familiar     Summ           5%         N/A       43%         3
 Frozen Ramparts          Ice            10%        1d3       43%         3
 Summon Guardian Golem    Hex/Summ       5%         N/A       43%         3
 Tukima's Dance           Hex            5%         N/A       43%         3
 Olgreb's Toxic Radiance  Pois           15%        N/A       45%         4
 Hailstorm                Conj/Ice       19%        3d6       52%         4
 Anguish                  Hex/Necr       2%         N/A       83%         4
 Enfeeble                 Hex            2%         N/A       100%        7


Dungeon Overview and Level Annotations

Branches:
Dungeon (6/15)             Temple (1/1) D:5

Altars:
Ashenzari
Cheibriados
Dithmenos
Elyvilon
Fedhas
Gozag
Hepliaklqana
Kikubaaqudgha
Makhleb
Nemelex Xobeh
Okawaru
Sif Muna
Trog
Uskayaw
Vehumet
Yredelemnul
Zin
The Shining One

Annotations:
D:3 Robin
D:5 Pikel


Innate Abilities, Weirdness & Mutations

You cannot wear most types of armour.
You are amphibious.
You can wear up to eight rings at the same time.
Your skin changes colour to match your surroundings (Stealth+).
Your rubbery body absorbs attacks. (AC +1, EV +1)
((You are camouflaged when in or above water. (Stealth+)))
You have tentacles for arms and can constrict up to eight enemies at once.


Message History

Casting: Stone Arrow (dangerous; 9% risk of failure)
Confirm with . or Enter, or press ? or * to list all spells.
Aiming: Stone Arrow (dangerous; 9% risk of failure)
Press: ? - help, Shift-Dir - straight line, f/p - Pikel
Aim: Pikel, wielding a +2 whip of freezing and wearing a +0 robe (heavily wounded, poisoned, 67% to hit)
You feel a surge of power!
The stone arrow hits Pikel!
Pikel is almost dead.
Pikel hits you with a +2 whip of freezing!
Pikel freezes you.
Casting: Stone Arrow (dangerous; 9% risk of failure)
Confirm with . or Enter, or press ? or * to list all spells.
Aiming: Stone Arrow (dangerous; 9% risk of failure)
Press: ? - help, Shift-Dir - straight line, f/p - Pikel
Aim: Pikel, wielding a +2 whip of freezing and wearing a +0 robe (almost dead, poisoned, 67% to hit)
You feel a surge of power!
The stone arrow misses Pikel.
You block Pikel's attack.
Casting: Stone Arrow (dangerous; 9% risk of failure)
Confirm with . or Enter, or press ? or * to list all spells.
Aiming: Sandblast (safe; 3% risk of failure)
Press: ? - help, Shift-Dir - straight line, f/p - Pikel
Aim: Pikel, wielding a +2 whip of freezing and wearing a +0 robe (almost dead, poisoned, 74% to hit)
The blast of sand misses Pikel.
Pikel hits you with a +2 whip of freezing!
Pikel freezes you.
Casting: Sandblast (safe; 3% risk of failure)
Confirm with . or Enter, or press ? or * to list all spells.
Aiming: Stone Arrow (dangerous; 9% risk of failure)
Press: ? - help, Shift-Dir - straight line, f/p - Pikel
Aim: Pikel, wielding a +2 whip of freezing and wearing a +0 robe (almost dead, poisoned, 67% to hit)
You feel a surge of power!
The stone arrow misses Pikel.
Pikel hits you with a +2 whip of freezing!
* * * LOW HITPOINT WARNING * * *
Pikel freezes you.
* * * LOW HITPOINT WARNING * * *
Aiming: Mindburst
Press: ? - help, Shift-Dir - straight line, f/p - Pikel
Aim: Pikel, wielding a +2 whip of freezing and wearing a +0 robe (almost dead, poisoned, chance to affect: 64%) Pikel struggles to resist.
Pikel hits you with a +2 whip of freezing!
You die...

####...## #.##......#.
#.#.# #........###
#...# #.......## ##.##
#.......# #.#
#.......# #.#
#.......# #####.###
#.......# #...K...#
#.......#### #.###@#.#
#####......# #.##..#.#
#.####.# #.##.##.#
#......#
#.##.##.#######.#.....
#.......#.........##.#
####......#####.####.#
######## #....Y.#
#......# ########


You could see Pikel (poisoned).

Vanquished Creatures
  Sigmund (D:3)
  2 yaks (D:5)
  Menkaure (D:4)
  A water moccasin (D:5)
  A black bear (D:4)
  2 lemures (D:6)
  An ogre (D:5)
  3 scorpions
  2 jellies (D:5)
  A wyvern zombie (D:5)
  2 orc priests
  A centaur skeleton (D:5)
  A hound (D:5)
  Crazy Yiuf (D:4)
  Jessica (D:3)
  Terence (D:3)
  An iguana (D:5)
  An orc wizard (D:2)
  2 hound skeletons (D:5)
  3 gnolls (D:5)
  A howler monkey skeleton (D:5)
  5 adders
  2 white imps (D:5)
  2 worms (D:2)
  3 dart slugs
  15 orcs
  4 ball pythons
  5 bats
  5 endoplasms
  2 giant cockroaches
  12 goblins
  7 hobgoblins
  4 quokkas
  4 frilled lizards
  7 kobolds
  8 rats
115 creatures vanquished.

Vanquished Creatures (collateral kills)
  A ball python (D:1)
1 creature vanquished.

Vanquished Creatures (others)
  A fungus (D:4)
  3 plants (D:6)
4 creatures vanquished.

Grand Total: 120 creatures vanquished

Notes
Turn   | Place    | Note
-------+----------+-------------------------------------------
     0 | D:1      | Ijustatesigmund the Octopode Earth Elementalist began the
                  | quest for the Orb.
     0 | D:1      | Reached XP level 1. HP: 11/11 MP: 3/3
   277 | D:1      | Reached XP level 2. HP: 11/17 MP: 1/5
   702 | D:1      | Found a faded altar of an unknown god.
  1272 | D:2      | Reached XP level 3. HP: 21/21 MP: 0/6
  1276 | D:2      | Learned a level 3 spell: Stone Arrow
  1279 | D:2      | Learned a level 2 spell: Passwall
  1591 | D:2      | Found a hide-covered altar of Uskayaw.
  1730 | D:2      | Reached skill level 1 in Conjurations
  1907 | D:2      | Reached XP level 4. HP: 4/27 MP: 6/8
  2770 | D:3      | Noticed Sigmund
  2934 | D:3      | Noticed Robin
  2961 | D:3      | You fall into a shaft and drop 1 floor!
  2961 | D:4      | Found a hazy altar of Hepliaklqana.
  3064 | D:4      | Noticed a black bear
  3073 | D:4      | Killed a black bear
  3074 | D:4      | Reached XP level 5. HP: 31/31 MP: 5/9
  3265 | D:4      | Reached XP level 6. HP: 9/36 MP: 5/10
  3601 | D:4      | HP: 1/36 [orc priest/nerve-wracking pain (10)]
  4081 | D:4      | Found a runed translucent door.
  4082 | D:4      | Noticed Crazy Yiuf
  4146 | D:4      | Noticed Menkaure
  4192 | D:5      | Entered Level 5 of the Dungeon
  4221 | D:5      | Reached skill level 3 in Spellcasting
  4668 | D:5      | Reached XP level 7. HP: 41/41 MP: 5/12
  4755 | D:5      | Found an iron altar of Okawaru.
  4757 | D:5      | Found an ancient bone altar of Kikubaaqudgha.
  4759 | D:5      | Found a bloodstained altar of Trog.
  4760 | D:5      | Found a hide-covered altar of Uskayaw.
  4835 | D:5      | Noticed a yak
  5018 | D:4      | Killed Menkaure
  5019 | D:4      | Reached skill level 1 in Fighting
  5019 | D:4      | Reached skill level 1 in Staves
  5276 | D:3      | Found a glowing silver altar of Zin.
  5552 | D:3      | Noticed Terence
  5556 | D:3      | Killed Terence
  5651 | D:3      | Noticed Jessica
  5655 | D:3      | Killed Jessica
  5809 | D:3      | Killed Sigmund
  5810 | D:3      | Reached skill level 4 in Spellcasting
  5810 | D:3      | Reached XP level 8. HP: 41/50 MP: 8/14
  5993 | D:3      | Found a basalt altar of Yredelemnul.
  6098 | D:4      | Killed Crazy Yiuf
  6956 | D:5      | Found a staircase to the Ecumenical Temple.
  7100 | D:5      | Got the Reference Book on Toxins
  7102 | D:5      | Noticed a yak
  7114 | D:5      | Killed a yak
  7203 | D:5      | Noticed a yak
  7216 | D:5      | Killed a yak
  7216 | D:5      | Noticed a yak
  7225 | D:5      | Noticed a yak
  7252 | D:5      | Found a shimmering blue altar of Sif Muna.
  7389 | D:5      | Learned a level 2 spell: Poisonous Vapours
  7442 | D:5      | Reached skill level 1 in Poison Magic
  7531 | Temple   | Entered the Ecumenical Temple
  7643 | D:5      | Reached skill level 5 in Spellcasting
  7643 | D:5      | Reached skill level 1 in Air Magic
  8003 | D:6      | Noticed Pikel
  8196 | D:5      | Slain by Pikel

Illustrated notes

Levels and vault maps discovered:
D:1:      minmay_arrival_stone_box, layout_loops_corners,
          dilly_ecumenical_altar_fadedgnrine, chequers_serial_rivers_marsh
D:2:      wad_river_or_something, layout_basic, basic_altar
D:3:      layout_basic, nicolae_overflow_squiral, uniq_terence, uniq_sigmund,
          uniq_robin, uniq_jessica
D:4:      layout_loops_ring, mainiacjoe_overflow_chevrons,
          uniq_crazy_yiuf_cottage, uniq_menkaure
D:5:      layout_loops_cross, nicolae_overflow_hidden_temple,
          grunt_temple_overflow_open, minmay_temple_entry_fiery,
          minmay_quadrilaterals
D:6:      layout_basic, nicolae_qazlal_eye_of_the_storm, serial_bayou,
          serial_bayou_ford_a, serial_bayou_pond_c, serial_bayou_shore_b,
          serial_bayou_pond_b, kennysheep_doodads, kennysheep_generic_room_8,
          uniq_pikel
Temple:   eino_wide_crystal_templ

Skill      XL: |  1  2  3  4  5  6  7  8 |
---------------+-------------------------+-----
Conjurations   | 1 2 3 4 |  4.3
Transmutations | 2 |  2.1
Shields        | 2 3 4 |  4.7
Spellcasting   | 3 4 5 |  5.3
Fighting       | 2 3 |  3.1
Staves         | 2 3 |  3.2
Poison Magic   | 2 |  2.6
Air Magic      | 1 |  1.7
Dodging        | |  2.0
Stealth        | |  2.6
Earth Magic    | |  3.8

Action                   |  1- 3 |  4- 6 |  7- 9 || total
-------------------------+-------+-------+-------++-------
Melee: Unarmed           |     4 |       |       ||     4
       Constrict         |     6 |    16 |     3 ||    25
       Short sword       |    17 |    48 |       ||    65
       Tentacles         |     5 |     8 |     3 ||    16
       Staff             |       |     4 |    10 ||    14
 Cast: Sandblast         |    35 |    23 |    27 ||    85
       Passwall          |       |     2 |       ||     2
       Stone Arrow       |       |     5 |    53 ||    58
       Poisonous Vapours |       |       |     2 ||     2
Evoke: Wand              |       |     8 |     2 ||    10
  Use: Scroll            |     5 |       |     7 ||    12
       Potion            |     1 |     1 |     1 ||     3
 Stab: Sleeping          |       |     7 |     1 ||     8
Armor: Skin              |     1 |     3 |       ||     4
Dodge: Dodged            |    16 |    23 |    28 ||    67
Block: Buckler           |       |     3 |    17 ||    20
